 Dungeon Crawl Stone Soup version 0.25.1-2-g60ff931df9 (webtiles) character file.

Game seed: 3095525309104599322

37079 funkygono the Basher (level 13, 0/84 HPs)
             Began as a Gargoyle Gladiator on Oct 16, 2020.
             Was a High Priest of Okawaru.
             Splashed by an oklob plant's acid (12 damage)
             ... on level 5 of the Lair of Beasts on Oct 22, 2020.
             The game lasted 00:49:57 (17524 turns).

funkygono the Basher (Gargoyle Gladiator)          Turns: 17524, Time: 00:49:58

Health: 0/84       AC: 20    Str: 23    XL:     13   Next: 94%
Magic:  14/15      EV: 13    Int:  9    God:    Okawaru [*****.]
Gold:   1035       SH:  5    Dex: 11    Spells: 12/12 levels left

rFire    . . .     SeeInvis .   b - +4 longbow (freeze)
rCold    + . .     Gourm    .   (shield currently unavailable)
rNeg     + + .     Faith    .   x - +1 chain mail {rC+}
rPois    ∞         Spirit   .   c - +1 helmet
rElec    +         Reflect  +   q - +0 cloak
rCorr    .         Harm     .   o - +2 pair of gloves
MR       .....                  (no boots)
Stlth    ..........             C - amulet of reflection
HPRegen  0.24/turn              e - +4 ring of protection
MPRegen  0.14/turn              K - ring of positive energy

@: heroism, corroded
A: negative energy resistance 1, electricity resistance, unbreathing,
petrification resistance, rot immunity, AC +9
a: Heroism, Finesse, Renounce Religion


You were on level 5 of the Lair of Beasts.
You worshipped Okawaru.
Okawaru was extremely pleased with you.
You were very hungry.

You visited 2 branches of the dungeon, and saw 13 of its levels.
You also visited: Ossuary and Ice Cave.

You collected 1035 gold pieces.

Inventory:

Hand Weapons
 a - a +5 whip of electrocution
 b - a +4 longbow of freezing (weapon)
 v - a +0 quarterstaff of distortion
 V - the +3 Elemental Staff {rElec rF++ rC++ MR++ AC+5}
   (You found it in an ice cave)

   It affects your AC (+5).
   It greatly protects you from fire.
   It greatly protects you from cold.
   It insulates you from electricity.
   It affects your resistance to hostile enchantments.
Missiles
 k - 229 arrows (quivered)
Armour
 c - a +1 helmet (worn)
 o - a +2 pair of gloves (worn)
 q - a +0 cloak (worn)
 x - a +1 chain mail of cold resistance (worn)
 G - a +3 leather armour of fire resistance
 W - the +5 robe of Night {Dark MR+ SInv}
   (You found it on level 4 of the Lair of Beasts)

   It affects your resistance to hostile enchantments.
   It lets you see invisible.
Jewellery
 e - a +4 ring of protection (left hand)
 j - an uncursed ring of protection from cold
 r - an uncursed amulet of regeneration
 C - an amulet of reflection (around neck)
 F - an uncursed ring of flight
 K - a ring of positive energy (right hand)
 S - an uncursed amulet of guardian spirit
Wands
 w - a wand of enslavement (3)
 E - a wand of paralysis (5)
 J - a wand of iceblast (10)
 L - a wand of disintegration (22)
Scrolls
 h - 4 scrolls of fear
 i - 2 scrolls of magic mapping
 l - 9 scrolls of remove curse
 y - 2 scrolls of teleportation
Potions
 g - a potion of resistance
 m - 3 potions of invisibility
 n - 2 potions of berserk rage
 p - 4 potions of haste
 s - 6 potions of curing
 t - 4 potions of lignification
 u - a potion of might
 z - 4 potions of heal wounds
 B - 2 potions of flight
 D - 2 potions of mutation
 I - a potion of ambrosia
 P - a potion of cancellation
Comestibles
 f - 31 rations


   Skills:
 + Level 11.5(16.5) Fighting
 + Level 13.3(18.5) Maces & Flails
 + Level 3.7(14.6) Staves
 + Level 11.2(16.2) Bows
 - Level 1.7(6.7) Throwing
 + Level 10.7(15.7) Armour
 + Level 5.0(10.0) Dodging
 + Level 2.1(7.1) Stealth
 + Level 2.7 Invocations


You had 12 spell levels left.
You didn't know any spells.
Your spell library contained the following spells:

 Spells                   Type           Power        Failure   Level  Hunger
 Beastly Appendage        Tmut           #.....       86%         1    ##.....
 Sticks to Snakes         Tmut           #.......     95%         2    ###....
 Confusing Touch          Hex            #.......     99%         3    ####...
 Gell's Gravitas          Tloc           #.........   99%         3    ####...
 Recall                   Summ/Tloc      N/A          99%         3    ####...
 Spider Form              Tmut/Pois      #.........   99%         3    ####...
 Animate Dead             Necr           N/A          100%        4    #####..
 Ice Form                 Ice/Tmut       #.......     100%        4    #####..
 Petrify                  Tmut/Erth      #.......     100%        4    #####..
 Aura of Abjuration       Summ           #.........   100%        5    ######.
 Blade Hands              Tmut           #.........   100%        5    ######.
 Borgnjor's Vile Clutch   Necr/Erth      #.........   100%        5    ######.
 Metabolic Englaciation   Hex/Ice        #.........   100%        5    ######.
 Summon Demon             Summ           #.........   100%        5    ######.
 Summon Forest            Summ/Tloc      #.........   100%        5    ######.
 Summon Mana Viper        Hex/Summ       #.......     100%        5    ######.
 Yara's Violent Unravell  Hex/Tmut       #.........   100%        5    ######.
 Death Channel            Necr           #.........   100%        6    #######
 Freezing Cloud           Conj/Ice/Air   #.........   100%        6    #######
 Ozocubu's Refrigeration  Ice            #.........   100%        6    #######
 Shadow Creatures         Summ           N/A          100%        6    #######
 Simulacrum               Ice/Necr       #.........   100%        6    #######


Dungeon Overview and Level Annotations

Branches:
Dungeon (8/15)             Temple (0/1) D:7            Lair (5/6) D:8
 Shoals (0/4) Lair:4        Snake (0/4) Lair:3      Ossuary (visited)
  IceCv (visited)
  Slime: Lair:5-6

Altars:
Ashenzari
Dithmenos
Fedhas
Gozag
Makhleb
Okawaru
Sif Muna
Vehumet
Xom

Shops:
D:6 **

Annotations:
Lair:5 exclusion: 2 oklob plants


Innate Abilities, Weirdness & Mutations

You are resistant to torment.
Your stone body is resilient. (AC +9)
You are immune to poison.
You resist negative energy. (rN+)
You are resistant to electric shocks. (rElec)
You can survive without breathing.
You are immune to petrification.
You are immune to rotting.


Message History

You shoot an arrow.
The arrow hits the oklob plant but does no damage.
The oklob plant is almost destroyed.
The oklob plant spits acid at you.
The splash of acid hits you but does no damage.
The acid corrodes you!
You are splashed with acid!
Firing (i - inventory)
k - 230 arrows (quivered)
Press: ? - help, Shift-Dir - straight line, f/p - oklob plant
Aim: an oklob plant (almost destroyed)
You shoot an arrow.
The arrow hits the oklob plant but does no damage.
The oklob plant is almost destroyed.
The oklob plant spits acid at you. The splash of acid hits you.
The acid corrodes you!
You are splashed with acid!
* * * LOW HITPOINT WARNING * * *
The oklob plant spits acid at you. The splash of acid hits you!
* * * LOW HITPOINT WARNING * * *
The acid corrodes you!
You are splashed with acid!
You die...

.#.........# #..
...#.#...... #..
#...####.... ######.##
#.... #.... #.P((P..##.#..
##.P.. #../$P...P.#..
##P....
#.P=$P...P.............
###(($$................(.
###.######@........#......P
#...................##.....
#..........#.#...# #......
###....##.###....####...##
##.#.#.....#.....##......
##.................#......
#....................#.P..
##P.P.#......##.......#...
##P..P#......#....###......


You could see 2 oklob plants.

Vanquished Creatures
  A frost giant (IceCv)
  The ghost of Bananafolds the Warrior, a journeyman MfSk of Makhleb (Lair:4)
  A hydra (Lair:5)
  2 two-headed ogres (D:8)
  A queen ant (Lair:2)
  2 death yaks (IceCv)
  Pikel (D:4)
  2 oklob plants
  14 elephants
  4 black mambas
  4 spiny frogs
  2 rime drakes
  Maggie (D:6)
  A komodo dragon (Lair:3)
  2 ice devils (Lair:3)
  17 polar bears (IceCv)
  4 blink frogs (Lair:3)
  Prince Ribbit (D:6)
  Grinder (D:4)
  3 hippogriffs
  A snapping turtle (Lair:4)
  Sigmund (D:5)
  A wyvern (Lair:4)
  A wraith (Ossuary)
  Eustachio (D:6)
  35 yaks
  Grum (D:8)
  2 basilisks
  Menkaure (D:4)
  Edmund (D:4)
  4 nagas (Lair:3)
  9 soldier ants (Lair:2)
  10 water moccasins
  5 porcupines
  An orc warrior (D:8)
  2 ice beasts
  A hornet zombie (D:6)
  2 sky beasts
  2 phantoms
  A slave (D:4)
  An ogre (D:4)
  3 black bears
  A centaur (D:6)
  21 wolves
  4 big kobolds
  6 crocodiles
  7 bullfrogs
  A wyvern zombie (D:8)
  A wyvern skeleton (D:3)
  6 scorpions
  5 howler monkeys
  2 electric eels
  A crimson imp (D:8)
  4 hounds
  5 jellies
  2 orc priests (D:4)
  A bullfrog skeleton (D:4)
  7 orc wizards
  A centaur skeleton (D:5)
  2 iguanas (D:8)
  30 worker ants
  2 mummies
  A worker ant zombie (D:6)
  4 gnolls (D:2)
  12 adders
  2 shadow imps
  6 oozes
  2 adder skeletons
  A worm (D:2)
  2 dart slugs
  5 leopard geckos
  18 orcs
  5 bats
  8 giant cockroaches
  5 goblins
  12 hobgoblins
  3 jackals (D:2)
  6 quokkas
  3 ball pythons
  A ball python zombie (D:5)
  3 frilled lizards
  6 gnoll skeletons (Ossuary)
  2 hobgoblin zombies (D:6)
  23 kobolds
  4 kobold skeletons (Ossuary)
  15 orc skeletons (Ossuary)
  10 rats
  11 fungi (D:8)
  14 plants
444 creatures vanquished.

Vanquished Creatures (others)
  A crimson imp (D:4)
  7 fungi
  A plant (Lair:2)
9 creatures vanquished.

Grand Total: 453 creatures vanquished

Notes
Turn   | Place    | Note
-------+----------+-------------------------------------------
     0 | D:1      | funkygono the Gargoyle Gladiator began the quest for the
                  | Orb.
     0 | D:1      | Reached XP level 1. HP: 12/12 MP: 1/1
   322 | D:1      | Reached XP level 2. HP: 18/18 MP: 2/2
   740 | D:1      | Reached XP level 3. HP: 22/22 MP: 3/3
  1355 | D:2      | Reached skill level 1 in Armour
  1450 | D:2      | Reached skill level 4 in Maces & Flails
  1450 | D:2      | Reached XP level 4. HP: 21/27 MP: 4/4
  1580 | D:2      | Reached XP level 5. HP: 31/31 MP: 5/5
  2240 | D:3      | Found an opulent altar of Gozag.
  2243 | D:3      | Reached skill level 5 in Maces & Flails
  2245 | D:3      | Found an iron altar of Okawaru.
  2245 | D:3      | Found a shimmering blue altar of Sif Muna.
  2247 | D:3      | Found a shattered altar of Ashenzari.
  2247 | D:3      | Found a shimmering altar of Xom.
  2247 | D:3      | Found a stormy altar of Qazlal.
  2268 | D:3      | Reached XP level 6. HP: 25/37 MP: 6/6
  2978 | D:4      | Noticed a phantom
  2984 | D:4      | Reached skill level 6 in Maces & Flails
  2986 | D:4      | Noticed Grinder
  2998 | D:4      | Paralysed by Grinder for 5 turns
  3006 | D:4      | Paralysed by Grinder for 7 turns
  3025 | D:4      | Killed Grinder
  3025 | D:4      | Reached XP level 7. HP: 25/41 MP: 7/7
  3049 | D:4      | Reached skill level 7 in Maces & Flails
  3169 | D:4      | Found a shattered altar of Ashenzari.
  3213 | D:4      | Noticed Pikel
  3254 | D:4      | Killed Pikel
  3254 | D:4      | Reached skill level 8 in Maces & Flails
  3254 | D:4      | Reached XP level 8. HP: 43/48 MP: 8/8
  3340 | D:4      | Found a shadowy altar of Dithmenos.
  3350 | D:4      | Noticed Edmund
  3367 | D:4      | Killed Edmund
  3375 | D:4      | Noticed Menkaure
  3382 | D:4      | Killed Menkaure
  3547 | D:4      | Reached skill level 9 in Maces & Flails
  3760 | D:4      | Reached skill level 5 in Fighting
  4007 | D:4      | Reached XP level 9. HP: 30/54 MP: 9/9
  4405 | D:5      | Entered Level 5 of the Dungeon
  4625 | D:5      | Found a shimmering blue altar of Sif Muna.
  4742 | D:5      | Noticed Sigmund
  4766 | D:5      | Killed Sigmund
  4827 | D:5      | Found an iron altar of Okawaru.
  4987 | D:5      | Became a worshipper of Warmaster Okawaru
  5050 | D:5      | Reached skill level 10 in Maces & Flails
  5213 | D:6      | Reached skill level 5 in Armour
  5257 | D:6      | Found a sand-covered staircase.
  5266 | Ossuary  | Entered an ossuary
  5557 | D:6      | Noticed Prince Ribbit
  5569 | D:6      | Killed Prince Ribbit
  5569 | D:6      | Reached * piety under Okawaru
  5615 | D:6      | Found a burning altar of Makhleb.
  5624 | D:6      | Found an opulent altar of Gozag.
  5627 | D:6      | Found Gozag's Platinum Reserve.
  5710 | D:6      | Noticed Eustachio
  5713 | D:6      | Noticed Maggie
  5721 | D:6      | Killed Eustachio
  5735 | D:6      | Killed Maggie
  5735 | D:6      | Reached XP level 10. HP: 61/61 MP: 10/10
  5837 | D:6      | Reached ** piety under Okawaru
  5970 | D:6      | Found Katheosi's Assorted Antiques.
  6411 | D:7      | Found a staircase to the Ecumenical Temple.
  6610 | D:7      | Reached skill level 11 in Maces & Flails
  7123 | D:7      | Found a radiant altar of Vehumet.
  7334 | D:8      | Reached skill level 1 in Bows
  7559 | D:8      | Found a blossoming altar of Fedhas.
  7580 | D:8      | Noticed a two-headed ogre
  7594 | D:8      | Killed a two-headed ogre
  7594 | D:8      | Reached *** piety under Okawaru
  7594 | D:8      | Reached skill level 1 in Stealth
  7637 | D:8      | Noticed Grum
  7654 | D:8      | Killed Grum
  8098 | D:8      | Reached skill level 5 in Bows
  8145 | D:8      | Found a staircase to the Lair.
  8156 | D:8      | Noticed a two-headed ogre
  8166 | D:8      | Killed a two-headed ogre
  8166 | D:8      | Reached **** piety under Okawaru
  8166 | D:8      | Received a gift from Okawaru
  8166 | D:8      | Reached XP level 11. HP: 66/68 MP: 11/11
  8922 | Lair:1   | Entered Level 1 of the Lair of Beasts
  9095 | Lair:1   | Got a fine ring mail
  9251 | Lair:1   | Reached skill level 1 in Invocations
  9394 | Lair:1   | Reached ***** piety under Okawaru
  9803 | Lair:2   | Identified the cursed +1 ring mail of Orthodoxy {rF+} (You
                  | found it on level 1 of the Lair of Beasts)
 10044 | Lair:2   | Received a gift from Okawaru
 10209 | Lair:2   | Noticed a queen ant
 10218 | Lair:2   | Reached skill level 12 in Maces & Flails
 10248 | Lair:2   | Killed a queen ant
 10752 | Lair:2   | Reached XP level 12. HP: 76/76 MP: 12/12
 10767 | Lair:2   | Received a gift from Okawaru
 11422 | Lair:3   | Found a frozen archway.
 11458 | IceCv    | Entered an ice cave
 11471 | IceCv    | Received a gift from Okawaru
 11820 | IceCv    | Noticed a death yak
 11820 | IceCv    | Noticed a death yak
 11850 | IceCv    | Killed a death yak
 11862 | IceCv    | Killed a death yak
 11862 | IceCv    | Received a gift from Okawaru
 11871 | IceCv    | Received a gift from Okawaru
 12191 | IceCv    | Reached skill level 10 in Fighting
 12251 | IceCv    | Noticed a frost giant
 12277 | IceCv    | Killed a frost giant
 12277 | IceCv    | Reached skill level 13 in Maces & Flails
 12335 | IceCv    | Reached XP level 13. HP: 40/83 MP: 14/14
 12689 | IceCv    | Found the +3 Elemental Staff {rElec rF++ rC++ MR++ AC+5}
 13571 | Lair:3   | Received a gift from Okawaru
 13571 | Lair:3   | Reached skill level 10 in Bows
 13575 | Lair:3   | Got a glimmering quarterstaff {god gift}
 13576 | Lair:3   | Identified the +7 quarterstaff of the Lamprey {vorpal,
                  | rPois rF+ rN++ Dex-5} (Okawaru gifted it to you on level 3
                  | of the Lair of Beasts)
 13772 | Lair:3   | Reached skill level 10 in Armour
 13899 | Lair:3   | Found a staircase to the Snake Pit.
 14690 | Lair:4   | Found a staircase to the Shoals.
 14745 | Lair:4   | Found the +5 robe of Night {Dark MR+ SInv}
 14914 | Lair:4   | Received a gift from Okawaru
 15106 | Lair:4   | Found a large runed translucent door.
 15106 | Lair:4   | Found a large runed translucent door.
 15148 | Lair:4   | Noticed Bananafolds's ghost (journeyman MfSk)
 15188 | Lair:4   | Killed Bananafolds's ghost
 15863 | Lair:5   | Received a gift from Okawaru
 15888 | Lair:5   | Reached skill level 1 in Staves
 16730 | Lair:5   | Received a gift from Okawaru
 16906 | Lair:5   | Reached skill level 5 in Dodging
 17524 | Lair:5   | Splashed by an oklob plant's acid

Illustrated notes

Levels and vault maps discovered:
D:1:      onia_arrival_handbag, layout_basic, minmay_statues_item
D:2:      layout_basic, first_ration
D:3:      layout_loops_ring, doesnt_xom_only_xom, due_unseen_surprise
D:4:      layout_cave_pods, nicolae_dithmenos_shadow_blocks, lemuel_round_altar,
          uniq_grinder, uniq_pikel, uniq_edmund, uniq_menkaure
D:5:      layout_basic, nicolae_overflow_hidden_temple, okawaru_gym_becter,
          uniq_sigmund
D:6:      layout_cave_pods, nicolae_gozag_zags_fifth_avenue,
          nicolae_ossuary_entry_giza, basic_altar, serial_shops, shop,
          uniq_prince_ribbit1, uniq_eustachio, uniq_maggie
D:7:      statuecave_lemuel, layout_layer_cave, kennysheep_mini_moat,
          minmay_temple_entry_sparse_star
D:8:      layout_loops_ring, grunt_lair_entry_orc_guard_hut,
          hangedman_little_slice_of_home, minmay_misc_feat_alley,
          fedhas_altar_2, uniq_grum
Lair:1:   layout_chaotic_city
Lair:2:   layout_regular_city, zaba_antful_of_joy, lemuel_fruit_fields
Lair:3:   layout_small_grid, minmay_snake_entry_guardpost_small,
          portal_ice_cave_demonic_guard, infiniplex_staircase_pool_2,
          lemuel_fruit_tree, grunt_megastairs_5, serial_bayou_shore_b
Lair:4:   layout_cave_shapes, minmay_shoals_entry_hut,
          ebering_ghost_disaster_area, serial_bayou, serial_bayou_shore_a,
          serial_bayou_pond_c, serial_bayou_shore_b, serial_bayou_pond_d,
          minmay_lair_oklob_items, chequers_serial_rivers_micro_d,
          beast_lair_carwin_2
Lair:5:   layout_layer_cave, minmay_lair_oklob_chamber, lemuel_fruit_fields,
          grunt_megastairs_2

Skill      XL: |  1  2  3  4  5  6  7  8  9 10 11 12 13 |
---------------+----------------------------------------+-----
Armour         | 1 2 3 4 6 7 8 9 10 | 10.7
Maces & Flails | 4 5 6 8 9 10 11 12 13 | 13.3
Fighting       | 3 4 5 6 7 9 10 11 | 11.5
Dodging        | 3 4 5 |  5.0
Bows           | 5 8 9 11 | 11.2
Stealth        | 1 2 |  2.1
Invocations    | 1 2 |  2.7
Staves         | 3 |  3.7
Throwing       | |  1.7

Action                   |  1- 3 |  4- 6 |  7- 9 | 10-12 | 13-15 || total
-------------------------+-------+-------+-------+-------+-------++-------
Melee: Flail             |   140 |   170 |    43 |       |       ||   353
       Whip              |       |       |   280 |   923 |   299 ||  1502
       Punch             |       |       |       |     5 |     3 ||     8
       Staff             |       |       |       |       |   146 ||   146
       Longbow           |       |       |       |       |     2 ||     2
 Fire: Shortbow          |       |       |       |   144 |       ||   144
       Longbow           |       |       |       |    43 |   113 ||   156
Invok: Heroism           |       |       |       |    13 |     8 ||    21
  Use: Scroll            |     5 |     3 |    14 |    10 |     6 ||    38
  Eat: Chunk             |     2 |     5 |     9 |    21 |     2 ||    39
       Ration            |       |       |       |       |     4 ||     4
Armor: Ring mail         |    71 |    15 |       |       |       ||    86
       Leather armour    |     3 |       |       |       |       ||     3
       Chain mail        |       |   106 |   134 |   196 |   343 ||   779
       Plate armour      |       |       |       |   246 |       ||   246
Dodge: Dodged            |    88 |    86 |    92 |   256 |   221 ||   743
Block: Other             |       |       |       |       |    99 ||    99
